Map: Inside and Out

Players

ForJumY

  • Race: Protoss Protoss
  • League: Grandmaster
  • Spawn Location: 7:00

ShoWTimE - Winner!

  • Race: Protoss Protoss
  • Spawn Location: 1:00

Event: HomeStory Cup XXII

VOD

Have the link to the VOD?

Description

Time

  • Played on: Dec. 15, 2022, 6:07 a.m.
  • Length: 6:11

All games in this series

Show
View Real Time Build Order
Export as new Build Order

ForJumY Protoss 

Build Orders: Cannon Rush 

Get SALT Encoding   

  12  0:00  Probe  
  13  0:12  Probe  
  14  0:17  Pylon  
  14  0:24  Probe  
  15  0:36  Forge  
  15  0:37  Probe (Chrono Boost)  
  16  0:57  Pylon  
  16  1:05  Pylon  
  16  1:07  Pylon  
  16  1:16  Photon Cannon  
  16  1:18  Pylon  
  16  1:26  Pylon  
  16  1:37  Photon Cannon  
  15  1:46  Photon Cannon  
  15  1:47  Gateway  
  15  2:01  Photon Cannon  
  15  2:17  Pylon  
  15  2:31  Assimilator  
  15  2:35  Photon Cannon  
  15  2:56  Cybernetics Core  
  12  3:22  Pylon x2  
  12  3:29  Stalker (Chrono Boost)  
  14  3:49  Stalker (Chrono Boost)  
  14  4:05  Shield Battery  
  5  4:11  Shield Battery  
  5  4:34  Photon Cannon  
  5  4:35  Shield Battery  
Show
View Real Time Build Order
Export as new Build Order

ShoWTimE Protoss - Winner!

Build Orders:  

Get SALT Encoding   

  12  0:00  Probe  
  13  0:12  Probe  
  14  0:17  Pylon  
  14  0:24  Probe (Chrono Boost)  
  15  0:36  Probe (Chrono Boost)  
  15  0:37  Gateway  
  16  0:44  Probe (Chrono Boost)  
  16  0:46  Assimilator  
  17  0:51  Probe  
  18  1:03  Probe  
  19  1:09  Assimilator  
  19  1:15  Probe  
  20  1:23  Cybernetics Core  
  20  1:25  Pylon  
  20  1:26  Zealot  
  20  1:30  Probe  
  23  2:00  Stargate  
  23  2:12  Pylon  
  23  2:13  Shield Battery  
  23  2:14  Pylon  
  19  2:37  Pylon  
  19  2:47  Void Ray (Chrono Boost)  
  19  3:19  Void Ray (Chrono Boost)  
  16  4:32  Stalker  
  18  5:16  Shield Battery  
Tags
 
Add a new tag
Caveats
  • Supply blocks, unpowered buildings, or Contaminate may cause inaccurate times.
  • Supply counts are checked every 10 seconds.